[Event "Titled Tuesday Blitz April 11 Early 2023"]
[White "Tan, Zhongyi"]
[Black "Kollars, Dmitrij"]
[WhiteFideId "8603642"]
[BlackFideId "12909572"]
[WhiteElo "2519"]
[BlackElo "2584"]
[Result "0-1"]
[Round "05"]
[TimeControl "180+2"]
[Date "2023.04.11"]
[WhiteClock "0:00:10"]
[BlackClock "0:00:16"]

1. d4 Nf6 2. c4 e6 3. Nc3 Bb4 4. Nf3 b6 5. e3 Bb7 6. Bd3 O-O 7. O-O c5 8. Na4 cxd4 9. exd4 Re8 10. Bg5 h6 11. Bh4 Be7 12. Re1 Nc6 13. Rc1 Rc8 14. a3 d6 15. b4 Nh5 16. Bxe7 Nxe7 17. Nc3 Nf4 18. Bf1 Nf5 19. g3 Ng6 20. d5 exd5 21. Rxe8+ Qxe8 22. Nxd5 Qe4 23. Bd3 Qe6 24. Bxf5 Qxf5 25. Nh4 Qe5 26. Nxg6 fxg6 27. Rc3 Bxd5 28. Re3 Be4 29. f3 Rxc4 30. fxe4 Rxe4 31. Rxe4 Qxe4 32. Qxd6 Kh7 33. Qd2 Qb1+ 34. Kg2 Qb3 35. Qc1 Qd3 36. h4 Qe2+ 37. Kh3 Qf3 38. Kh2 Qf2+ 39. Kh3 Qf5+ 40. Kh2 Qf3 41. Qb2 Qf6 42. Qb3 Qf2+ 43. Kh3 Qg1 44. Qf3 b5 45. h5 Qb1 46. g4 a6 47. Qf7 Qe4 48. Kg3 Qd3+ 49. Kh2 Qe2+ 50. Kg3 Qe3+ 51. Kh2 Qd2+ 52. Kg3 Qc2 53. Kh3 Qd3+ 54. Kh2 gxh5 55. gxh5 Qe2+ 56. Kh3 Qe3+ 57. Kh2 Qe5+ 58. Kh3 Qg5 59. Kh2 Qh4+ 60. Kg2 Qg4+ 61. Kh2 Qh4+ 62. Kg2 Qf6 63. Qd5 Qg5+ 64. Qxg5 hxg5 65. Kf3 Kh6 66. Kg4 g6 67. hxg6 Kxg6 0-1


[Site "https://www.chess.com"]

[Event "Titled Tuesday Blitz April 11 Early 2023"]
[White "Makarian, Rudik"]
[Black "Rendle, Thomas E"]
[WhiteFideId "44105681"]
[BlackFideId "408760"]
[WhiteElo "2430"]
[BlackElo "2428"]
[Result "1-0"]
[Round "05"]
[TimeControl "180+2"]
[Date "2023.04.11"]
[WhiteClock "0:00:19"]
[BlackClock "0:00:04"]

1. d4 e6 2. Nf3 f5 3. c4 Nf6 4. Nc3 d5 5. Bf4 Bd6 6. e3 O-O 7. Bd3 c6 8. O-O Ne4 9. Qc2 b6 10. Qb3 Bb7 11. cxd5 cxd5 12. Ne2 Nc6 13. Rfc1 Rc8 14. h4 Na5 15. Qd1 Be7 16. h5 Nc4 17. Rab1 g5 18. hxg6 hxg6 19. Ne5 Kg7 20. b3 Ncd6 21. Rxc8 Qxc8 22. Rc1 Qd8 23. f3 Nf6 24. Bg5 Nh5 25. Nf4 Nxf4 26. Bxf4 Bg5 27. Bxg5 Qxg5 28. Rc7+ Kg8 29. f4 Qg3 30. Qf3 Qe1+ 31. Kh2 Rc8 32. Rxc8+ Bxc8 33. Nxg6 Ne4 34. Bxe4 dxe4 35. Qh3 Ba6 36. Qh8+ Kf7 37. Ne5+ Ke7 38. Qg7+ Kd6 39. Qd7# 1-0


[Site "https://www.chess.com"]

[Event "Titled Tuesday Blitz April 11 Early 2023"]
[White "Ingebretsen, Jens E"]
[Black "Movahed, Sina"]
[WhiteFideId "1522965"]
[BlackFideId "42520835"]
[WhiteElo "2213"]
[BlackElo "2225"]
[Result "0-1"]
[Round "05"]
[TimeControl "180+2"]
[Date "2023.04.11"]
[WhiteClock "0:00:58"]
[BlackClock "0:01:49"]

1. d4 Nf6 2. c4 g6 3. Nc3 Bg7 4. e4 d6 5. h3 O-O 6. Be3 Na6 7. Qd2 e5 8. d5 Nc5 9. f3 Nh5 10. g4 Ng3 11. Rh2 Nxf1 12. Kxf1 f5 13. Rf2 Nd7 14. Bg5 Qe8 15. Ke2 a6 16. Raf1 f4 17. Rh2 b5 18. Kd1 Nc5 19. b4 Nd7 20. Qd3 Nb6 21. cxb5 axb5 22. Bh4 Nc4 23. Bf2 Nb2+ 0-1


[Site "https://www.chess.com"]

[Event "Titled Tuesday Blitz April 11 Early 2023"]
[White "Gholami Orimi, Mahdi"]
[Black "Iskusnyh, Sergei"]
[WhiteFideId "12558486"]
[BlackFideId "4120027"]
[WhiteElo "2363"]
[BlackElo "2492"]
[Result "1-0"]
[Round "05"]
[TimeControl "180+2"]
[Date "2023.04.11"]
[WhiteClock "0:00:16"]
[BlackClock "0:00:02"]

1. Nf3 d5 2. e3 Nf6 3. c4 c6 4. b3 Bg4 5. Bb2 e6 6. h3 Bh5 7. Be2 Nbd7 8. O-O Bd6 9. d4 O-O 10. Ne5 Bxe2 11. Qxe2 Be7 12. Nd3 Ne4 13. Nd2 f5 14. Nf3 Bd6 15. Rfd1 Qf6 16. Nfe5 Qe7 17. Rac1 Nxe5 18. dxe5 Bc7 19. f3 Ng5 20. Bd4 Bb6 21. Qf2 Rfd8 22. c5 Bc7 23. b4 a5 24. a3 axb4 25. axb4 Ra3 26. b5 Rda8 27. b6 Bd8 28. Ra1 Qe8 29. Rxa3 Rxa3 30. Qb2 Ra8 31. Ra1 Rxa1+ 32. Qxa1 Qd7 33. Qa8 h6 34. Nc1 Kh7 35. Nb3 Qe8 36. h4 Nxf3+ 37. gxf3 Qg6+ 38. Kf1 Bxh4 39. Nd2 f4 40. Ke2 Qg2+ 41. Kd3 Be1 42. Qa2 h5 43. Bc3 fxe3 44. Kxe3 h4 45. Qb1+ Kg8 46. Qxe1 h3 47. Nf1 Qg5+ 48. f4 Qg6 49. Qg3 Qe4+ 50. Kd2 Qg2+ 51. Ke1 Qe4+ 52. Qe3 1-0


[Site "https://www.chess.com"]

[Event "Titled Tuesday Blitz April 11 Early 2023"]
[White "Vysochin, Spartak"]
[Black "Corrales Jimenez, Fidel"]
[WhiteFideId "14103516"]
[BlackFideId "3506690"]
[WhiteElo "2367"]
[BlackElo "2541"]
[Result "0-1"]
[Round "05"]
[TimeControl "180+2"]
[Date "2023.04.11"]
[WhiteClock "0:00:05"]
[BlackClock "0:01:14"]

1. e4 c6 2. d4 d5 3. exd5 cxd5 4. Bd3 Nc6 5. c3 Nf6 6. h3 g6 7. Bf4 Bf5 8. Be2 h5 9. Nf3 Ne4 10. Nbd2 f6 11. Nh4 Nxd2 12. Qxd2 Qd7 13. Nxf5 gxf5 14. Bb5 a6 15. Bxc6 Qxc6 16. O-O Kf7 17. Rae1 Re8 18. Re3 e6 19. Rfe1 Bd6 20. Rg3 h4 21. Rf3 Qc7 22. Kh1 b5 23. a3 Kg6 24. Bxd6 Qxd6 25. Qe3 e5 26. dxe5 Qxe5 27. Qxe5 Rxe5 28. Rd1 Rhe8 29. Kh2 Re2 30. Rxd5 R8e5 31. Rd4 Rxb2 32. Rxh4 Rb3 33. Rhf4 Rxa3 34. g4 Ra4 35. Rxf5 Rxf5 36. Rxf5 Rc4 37. Kg3 Rxc3+ 38. f3 b4 39. Ra5 Rc6 40. h4 b3 41. h5+ Kh6 42. Ra1 b2 43. Rb1 Rb6 44. f4 a5 45. Kh4 Rb4 46. g5+ fxg5+ 47. Kg4 Rxf4+ 48. Kg3 Rb4 0-1


[Site "https://www.chess.com"]

[Event "Titled Tuesday Blitz April 11 Early 2023"]
[White "Samadov, Read"]
[Black "EREBUNI91"]
[WhiteFideId "13417444"]
[WhiteElo "2355"]
[BlackElo "2669"]
[Result "0-1"]
[Round "05"]
[TimeControl "180+2"]
[Date "2023.04.11"]
[WhiteClock "0:00:19"]
[BlackClock "0:00:13"]

1. d4 Nf6 2. c4 b6 3. Nf3 Bb7 4. g3 e6 5. Bg2 Be7 6. O-O d5 7. cxd5 exd5 8. Nc3 O-O 9. Bf4 c6 10. Rc1 Nbd7 11. Ne5 Re8 12. Qb3 Nf8 13. e4 Ne6 14. Be3 Rc8 15. Nxc6 Rxc6 16. exd5 Rxc3 17. bxc3 Bxd5 18. Bxd5 Nxd5 19. Rfe1 h5 20. Bd2 h4 21. Re5 Nf6 22. Rce1 h3 23. f4 Qa8 24. d5 Nc5 25. Qc4 Bd6 26. Rxe8+ Nxe8 27. Qb5 Nc7 28. Qc6 Qxc6 29. dxc6 f5 30. Be3 Ne4 31. Bd4 Kf7 32. g4 g6 33. gxf5 gxf5 34. Re3 Bxf4 35. Rxh3 Ke6 36. Rh5 Nd6 37. Kg2 Kd5 38. Kf3 Bd2 39. Rh7 Kxc6 40. Be5 Ne6 41. Rxa7 Nc4 42. Bf6 Nc7 43. h4 b5 44. Bd4 b4 45. cxb4 Nb5 46. Bc5 Nxa7 47. Bxa7 Ne5+ 48. Kg3 f4+ 49. Kg2 Kd5 50. h5 Ke4 51. Kf1 Bxb4 52. h6 Bf8 53. h7 Bg7 54. a4 Nc4 55. Bb8 f3 56. Bc7 Ke3 57. Bg3 Nd2+ 58. Ke1 Ne4 59. Bh4 f2+ 60. Bxf2+ Nxf2 61. a5 Nd3+ 62. Kf1 Nc5 63. Kg2 Na6 64. Kg3 Ke4 65. Kg4 Ke5 66. Kg5 Ke6 67. Kg6 Bh8 68. Kh6 Kf6 69. Kh5 Kg7 70. Kg5 Kxh7 71. Kf5 Bc3 72. Ke6 Bxa5 73. Kd5 Kg6 74. Kd4 Kf6 75. Kd5 Ke7 76. Ke5 Bc7+ 77. Kd5 Nb8 78. Kc5 Ke6 79. Kd4 Nc6+ 80. Kc5 Ne5 81. Kd4 Bb6+ 82. Ke4 Bc5 83. Kf4 Kd5 84. Kf5 Bd4 85. Kf4 Bb6 86. Kf5 Be3 87. Kf6 Nc6 88. Kf5 Ne7+ 89. Kf6 Kd6 90. Kf7 Bg5 91. Kg7 Ke6 92. Kf8 Bf4 93. Ke8 Bc7 94. Kf8 Nf5 95. Ke8 Ng7+ 96. Kf8 Kf6 97. Kg8 Kg6 98. Kf8 Bd6+ 99. Kg8 Nf5 100. Kh8 Bc5 101. Kg8 Nh6+ 0-1


[Site "https://www.chess.com"]

[Event "Titled Tuesday Blitz April 11 Early 2023"]
[White "Kravtsiv, Martyn"]
[Black "polandchessplayer"]
[WhiteFideId "14113147"]
[WhiteElo "2695"]
[BlackElo "2659"]
[Result "1-0"]
[Round "05"]
[TimeControl "180+2"]
[Date "2023.04.11"]
[WhiteClock "0:01:50"]
[BlackClock "0:01:06"]

1. e4 c6 2. Nf3 d5 3. d3 e6 4. Be2 Nd7 5. O-O g6 6. e5 Bg7 7. d4 Ne7 8. c3 O-O 9. Re1 c5 10. Na3 a6 11. Nc2 b5 12. Bg5 h6 13. Bf4 Bb7 14. h4 Nf5 15. g3 f6 16. Bd3 g5 17. Bxf5 exf5 18. exf6 Bxf6 19. hxg5 hxg5 20. Bd6 Rf7 21. dxc5 g4 22. Nfd4 Bh8 23. c6 Bxc6 24. Nxc6 Qf6 25. Qxd5 Nb6 26. Ne7+ Kh7 27. Qh1+ Qh6 28. Qxh6+ Kxh6 29. Re6+ Kh7 30. Ne3 Rd8 31. N3xf5 1-0


[Site "https://www.chess.com"]

[Event "Titled Tuesday Blitz April 11 Early 2023"]
[White "Belozerov, Andrei"]
[Black "Pranesh M"]
[WhiteFideId "4120213"]
[BlackFideId "35028600"]
[WhiteElo "2373"]
[BlackElo "2437"]
[Result "0-1"]
[Round "05"]
[TimeControl "180+2"]
[Date "2023.04.11"]
[WhiteClock "0:00:04"]
[BlackClock "0:01:10"]

1. e4 e5 2. Nf3 Nc6 3. Bb5 a6 4. Ba4 Nf6 5. O-O Bc5 6. c3 O-O 7. d4 Ba7 8. dxe5 Nxe4 9. Qd5 Nc5 10. Bc2 d6 11. exd6 Qxd6 12. Qxd6 cxd6 13. Bf4 Rd8 14. Nbd2 h6 15. Nb3 Na4 16. Rab1 Be6 17. Nbd4 Nxd4 18. Nxd4 Bxd4 19. Bxa4 Be5 20. Bxe5 dxe5 21. Rfe1 f6 22. Bb3 Bxb3 23. axb3 Rd2 24. Kf1 Rad8 25. Re2 Kf7 26. Ke1 R2d6 27. b4 Ke6 28. Ra1 Kd5 29. b3 Ke6 30. f3 Rd3 31. Rc2 Re3+ 32. Kf2 Rdd3 33. Rac1 f5 34. b5 axb5 35. b4 f4 36. c4 bxc4 37. Rxc4 Rd2+ 38. Kf1 Ree2 39. Rc7 Rf2+ 40. Ke1 Rxg2 41. Rxb7 Ra2 42. Rc6+ Kd5 43. Rc5+ Kd6 44. Rb6+ Kd7 45. Rb7+ Ke6 46. Rc6+ Kd5 47. Rc5+ Kd6 48. Rb6+ Ke7 49. Rxe5+ Kf7 50. Kf1 Rxh2 51. Rf5+ Kg8 52. Kg1 Rhg2+ 53. Kf1 Raf2+ 54. Ke1 Rxf3 55. Rb8+ Kh7 56. Rff8 Rb3 57. Rh8+ Kg6 58. Rb6+ Kh5 59. Rf8 Rb1# 0-1


[Site "https://www.chess.com"]

[Event "Titled Tuesday Blitz April 11 Early 2023"]
[White "Zakhartsov, Vladimir"]
[Black "Kvaloy, Aksel Bu"]
[WhiteFideId "4145097"]
[BlackFideId "1528815"]
[WhiteElo "2497"]
[BlackElo "2208"]
[Result "1-0"]
[Round "05"]
[TimeControl "180+2"]
[Date "2023.04.11"]
[WhiteClock "0:00:15"]
[BlackClock "0:00:03"]

1. e4 e5 2. Nf3 Nf6 3. Nc3 Nc6 4. a3 d6 5. d4 exd4 6. Nxd4 g6 7. Bb5 Bd7 8. O-O Bg7 9. Re1 O-O 10. Bg5 h6 11. Bh4 g5 12. Bg3 Nxd4 13. Qxd4 Bxb5 14. Nxb5 Nh5 15. Qb4 Nxg3 16. hxg3 a6 17. Nc3 b5 18. Rad1 c5 19. Qb3 Be5 20. Nd5 Kg7 21. Ne3 c4 22. Qb4 Qb6 23. Nf5+ Kh7 24. Rd5 Rab8 25. Qd2 Rbd8 26. c3 Rfe8 27. Qe2 Kg6 28. Red1 Re6 29. Qg4 h5 30. Qf3 a5 31. Qe2 Qc6 32. Qf3 Qb6 33. Nd4 Rf6 34. Qe3 Bxd4 35. Qxg5+ Kh7 36. R1xd4 Rg6 37. Qxh5+ Kg7 38. Rxb5 Qc6 39. Rg5 Rb8 40. Rxg6+ fxg6 41. Qg5 Qc7 42. Qd5 Rxb2 43. Rxc4 Qa7 44. Qd4+ Qxd4 45. Rxd4 Rb3 46. Rxd6 Rxc3 47. e5 Rxa3 48. Kh2 Ra2 49. f4 Ra1 50. Ra6 a4 51. Ra7+ Kh6 52. g4 a3 53. Kg3 g5 54. Ra6+ Kg7 55. f5 a2 56. Ra7+ Kf8 57. e6 Kg8 58. Kf2 Rc1 59. Rxa2 Kg7 60. Ra7+ Kf6 61. Rf7+ Ke5 62. e7 Rc2+ 63. Kg3 Rc3+ 64. Kh2 Rc8 65. Rf8 Rc3 66. e8=Q+ Kf4 67. Qb8+ Ke4 68. Qb4+ Kd3 69. Rd8+ Kc2 70. Qxc3+ Kb1 71. f6 Ka2 72. Ra8+ Kb1 73. Ra1# 1-0


[Site "https://www.chess.com"]

[Event "Titled Tuesday Blitz April 11 Early 2023"]
[White "Svane, Frederik"]
[Black "Megalios, Konstantinos"]
[WhiteFideId "12923044"]
[BlackFideId "4238044"]
[WhiteElo "2502"]
[BlackElo "2277"]
[Result "1-0"]
[Round "05"]
[TimeControl "180+2"]
[Date "2023.04.11"]
[WhiteClock "0:01:43"]
[BlackClock "0:00:02"]

1. g3 d5 2. Nf3 c6 3. c4 Nf6 4. Bg2 dxc4 5. Na3 Be6 6. O-O g6 7. Ng5 Bd5 8. e4 h6 9. exd5 hxg5 10. dxc6 Nxc6 11. Nxc4 Bg7 12. d4 Nxd4 13. Be3 Nc6 14. Qb3 Qc7 15. Bxg5 Rc8 16. Bf4 Nd4 17. Bxc7 Nxb3 18. axb3 Rxc7 19. Rxa7 O-O 20. Rxb7 Rxb7 21. Bxb7 Rb8 22. Na5 Ne8 23. Rc1 Nd6 24. Bc6 Bxb2 25. Rc2 Bd4 26. Kg2 Kg7 27. Ba4 Bf6 28. Nc6 Rc8 29. b4 Rc7 30. b5 Nc8 31. Nb4 Rxc2 32. Bxc2 Bc3 33. Nd5 Bd4 34. f4 e6 35. Nb4 1-0


[Site "https://www.chess.com"]

[Event "Titled Tuesday Blitz April 11 Early 2023"]
[White "Darini, Pouria"]
[Black "Narayanan, Srinath"]
[WhiteFideId "12502200"]
[BlackFideId "5018420"]
[WhiteElo "2482"]
[BlackElo "2438"]
[Result "0-1"]
[Round "05"]
[TimeControl "180+2"]
[Date "2023.04.11"]
[WhiteClock "0:00:08"]
[BlackClock "0:00:11"]

1. d4 d5 2. Bg5 c5 3. e3 Nc6 4. c3 Qb6 5. Qb3 e6 6. Nd2 c4 7. Qc2 Be7 8. Ngf3 Bxg5 9. Nxg5 Nf6 10. Be2 O-O 11. O-O e5 12. dxe5 Nxe5 13. Ngf3 Nd3 14. Bxd3 cxd3 15. Qb3 Bf5 16. Rfd1 Qa6 17. a4 Bd7 18. Ne5 Bc6 19. Ndf3 d4 20. Nxd4 Be4 21. f3 Rae8 22. Qb5 Qd6 23. Nc4 Qe7 24. fxe4 Qxe4 25. Qf5 Qe7 26. Rxd3 Rc8 27. Qe5 Qd7 28. Nd6 Rcd8 29. N4f5 Kh8 30. Rad1 Ra8 31. Nxg7 Ng4 32. Qd4 f6 33. Ngf5 Ne5 34. R3d2 Rg8 35. h3 Nf3+ 36. Kh1 Nxd4 37. cxd4 h5 38. d5 Rg5 39. e4 Rag8 40. b3 Kh7 41. Nh4 Rg3 42. Ndf5 Rxb3 43. d6 Rb4 44. Rc1 Qxa4 45. d7 Rd8 46. Rcd1 Rxe4 47. Nf3 Re6 48. Rd5 Qc6 49. Ng3 h4 50. Nxh4 Re1+ 51. Kh2 Rxd1 52. Rxd1 Rxd7 53. Rf1 Rd2 54. Nf3 Rb2 55. Nh5 Rb5 56. Ng3 Qd6 57. Re1 Rb3 58. Re4 a5 59. Rh4+ Kg8 60. Rg4+ Kf7 61. Nh4 a4 62. Nf5 Qe5 63. Rg7+ Kf8 64. Rh7 Rxg3 65. Nxg3 b5 66. Ra7 Qd4 67. Ra8+ Kf7 68. Rb8 Qe5 69. Rb7+ Kg6 70. h4 a3 71. h5+ Kh6 72. Ra7 b4 73. Ra8 Qd5 74. Rh8+ Kg7 75. Rb8 a2 76. Rxb4 a1=Q 77. h6+ Kxh6 78. Rh4+ Kg7 79. Nh5+ Kf7 80. Nf4 Qae5 81. Rh7+ Kg8 82. Rh4 Qd2 83. Kg3 Qde3+ 84. Kh2 Q5xf4+ 85. Rxf4 Qxf4+ 86. g3 Qf3 87. Kh3 f5 88. Kh2 Kg7 0-1


[Site "https://www.chess.com"]

[Event "Titled Tuesday Blitz April 11 Early 2023"]
[White "Vakhlamov, Igor L."]
[Black "Hadzimanolis, Antonios"]
[WhiteFideId "24126748"]
[BlackFideId "4202813"]
[WhiteElo "2400"]
[BlackElo "2242"]
[Result "1-0"]
[Round "05"]
[TimeControl "180+2"]
[Date "2023.04.11"]
[WhiteClock "0:00:23"]
[BlackClock "0:00:07"]

1. e4 e5 2. Nf3 Nc6 3. Nc3 Nf6 4. Bb5 Bb4 5. Nd5 Bd6 6. O-O Nxe4 7. Re1 Nf6 8. Nxf6+ Qxf6 9. d4 Qg6 10. dxe5 Be7 11. Bd3 Qh5 12. Qe2 O-O 13. Bf4 d5 14. exd6 Bxd6 15. Bxd6 cxd6 16. Qe4 d5 17. Qf4 h6 18. Re3 Bg4 19. Ne5 Be6 20. Rae1 Qg5 21. Qxg5 hxg5 22. Nf3 Nb4 23. Nxg5 Nxd3 24. Rxd3 Rac8 25. c3 Rc6 26. h3 Rfc8 27. Rde3 Re8 28. Nf3 Kf8 29. Nd4 Rb6 30. R3e2 Bd7 31. f4 Rxb2 32. Rxb2 Rxe1+ 33. Kf2 Rc1 34. Rxb7 Be6 35. f5 Bc8 36. Rc7 Ba6 37. Nc6 Kg8 38. Ne7+ Kh7 39. Nxd5 Bd3 40. Rxf7 Rc2+ 41. Ke3 Bc4 42. Nf6+ Kh6 43. Ng4+ Kh7 44. Rxa7 Rxg2 45. f6 Rg3+ 46. Kd4 Be6 47. Rxg7+ Kh8 48. a4 Rxh3 49. Ne5 Rh4+ 50. Kc5 1-0


[Site "https://www.chess.com"]

[Event "Titled Tuesday Blitz April 11 Early 2023"]
[White "Zarubitski, Viachaslau"]
[Black "Gharibyan, Mamikon"]
[WhiteFideId "13509373"]
[BlackFideId "13308300"]
[WhiteElo "2284"]
[BlackElo "2445"]
[Result "1-0"]
[Round "05"]
[TimeControl "180+2"]
[Date "2023.04.11"]
[WhiteClock "0:00:02"]
[BlackClock "0:00:01"]

1. c4 e5 2. g3 c6 3. d4 e4 4. Nc3 d5 5. Nh3 Bb4 6. Qb3 a5 7. cxd5 cxd5 8. Bg5 f6 9. Bd2 Ne7 10. Nf4 Bxc3 11. bxc3 Nbc6 12. e3 a4 13. Qb1 Na5 14. c4 Nxc4 15. Bxc4 dxc4 16. Qb5+ Qd7 17. Qxc4 Qc6 18. Qe2 O-O 19. O-O g5 20. Rfc1 Qe8 21. Qc4+ Qf7 22. Ne2 Be6 23. Qb5 Nd5 24. Rab1 Rfc8 25. Qxb7 Rxc1+ 26. Nxc1 Rc8 27. Qxf7+ Kxf7 28. Kf1 Rc2 29. Ke1 a3 30. Rb3 Nf4 31. Rxa3 Ng2+ 32. Kd1 Rb2 33. Ne2 Bg4 34. Ra7+ Kg6 35. d5 Rb1+ 36. Kc2 Rf1 37. Nd4 Rxf2 38. Kc3 h5 39. d6 h4 40. d7 Bxd7 41. Rxd7 h3 42. Rd8 Nh4 43. gxh4 Rxh2 44. hxg5 fxg5 45. Rg8+ Kh5 46. Ne6 Rg2 47. a4 h2 48. a5 Kg4 49. Rh8 Kf5 50. a6 g4 51. a7 g3 52. a8=Q Rg1 53. Qf8+ Kg4 54. Qf4# 1-0


[Site "https://www.chess.com"]

[Event "Titled Tuesday Blitz April 11 Early 2023"]
[White "Veiga, Jose Francisco R P Neves"]
[Black "Kamsky, Gata"]
[WhiteFideId "1930087"]
[BlackFideId "2000024"]
[WhiteElo "2320"]
[BlackElo "2660"]
[Result "1/2-1/2"]
[Round "05"]
[TimeControl "180+2"]
[Date "2023.04.11"]
[WhiteClock "0:00:10"]
[BlackClock "0:00:08"]

1. e4 e5 2. Nf3 Nc6 3. Bb5 a6 4. Ba4 Nf6 5. O-O Be7 6. d3 d6 7. Bb3 Na5 8. Nc3 Nxb3 9. axb3 O-O 10. h3 Re8 11. d4 exd4 12. Qxd4 h6 13. Bf4 Bf8 14. Rad1 Be6 15. Rfe1 Nd7 16. Bh2 Qf6 17. Qxf6 Nxf6 18. e5 dxe5 19. Bxe5 Rac8 20. Bxf6 gxf6 21. Nd4 Rcd8 22. Ne4 Be7 23. Ng3 Bc8 24. Ndf5 Bf8 25. Rxd8 Rxd8 26. Ne7+ Bxe7 27. Rxe7 Bd7 28. Nh5 Kf8 29. Re2 f5 30. Nf4 Bc6 31. f3 Rd4 32. Nh5 Bd7 33. Kf2 Be6 34. Ke1 Ke7 35. Rd2 Rh4 36. Ng3 Rb4 37. Ne2 c5 38. Nc3 b6 39. Na2 Rd4 40. Rxd4 cxd4 41. Nb4 Kd6 42. Nxa6 Bd7 43. Nb4 Bb5 44. c4 dxc3 45. bxc3 Kc5 46. Nc2 Kd6 47. Nd4 Bd7 48. Kd2 f4 49. Kd3 Kd5 50. c4+ Ke5 51. b4 Ba4 52. c5 bxc5 53. bxc5 Bd7 54. c6 Bc8 55. Kc4 Kd6 56. c7 Kxc7 57. Kd5 Kd8 58. Ke5 Ke7 59. Kxf4 Kf6 60. g4 Bd7 61. h4 Bc8 62. Nc6 Bd7 63. Ne5 Be6 64. h5 Kg7 65. Kg3 Bd5 66. f4 Bb7 67. g5 f6 68. gxf6+ Kxf6 69. Ng4+ Kg7 70. Kf2 Be4 71. Ke3 Bc2 72. Nf2 Bb1 73. Ne4 Bc2 74. Ng3 Kf6 75. Ne4+ Kf5 76. Nd6+ Kg4 77. Nf7 Kxh5 78. Nxh6 Kxh6 79. f5 Bxf5 1/2-1/2


[Site "https://www.chess.com"]

[Event "Titled Tuesday Blitz April 11 Early 2023"]
[White "Bharath Subramaniyam H"]
[Black "Poliakova, Varvara"]
[WhiteFideId "46634827"]
[BlackFideId "13518313"]
[WhiteElo "2395"]
[BlackElo "2075"]
[Result "1/2-1/2"]
[Round "05"]
[TimeControl "180+2"]
[Date "2023.04.11"]
[WhiteClock "0:00:10"]
[BlackClock "0:00:16"]

1. e4 e5 2. Nf3 Nc6 3. d4 exd4 4. Nxd4 Nf6 5. Nxc6 bxc6 6. Nd2 d5 7. exd5 cxd5 8. Bb5+ Bd7 9. Bxd7+ Qxd7 10. O-O Bd6 11. Re1+ Be7 12. b3 O-O 13. Bb2 Rfe8 14. Qf3 c6 15. Rad1 Rad8 16. h3 h6 17. Nf1 a5 18. Ng3 c5 19. Nf5 d4 20. c3 Bf8 21. cxd4 Rxe1+ 22. Rxe1 cxd4 23. Bxd4 Nh7 24. Bc3 Ng5 25. Qg4 Qd3 26. Ba1 Qd2 27. Rf1 Kh7 28. h4 Ne6 29. a4 g6 30. Ne3 Qb4 31. Qf3 Kg8 32. Nd5 Nd4 33. Bxd4 Qxd4 34. Rd1 Qxh4 35. Nf6+ Qxf6 36. Qxf6 Rxd1+ 37. Kh2 Bb4 38. g3 Rd2 39. Qf4 h5 40. Kh3 Rd3 41. Qc4 Rd2 42. f3 Rd6 43. g4 hxg4+ 44. fxg4 Re6 45. Kg2 Re5 46. Kf3 Rc5 47. Qd4 Rc3+ 48. Ke4 Rc2 49. Qd8+ Kg7 50. Qd3 Rc5 51. Qd4+ Kg8 52. Kd3 Rc1 53. Ke4 Rc5 54. Qd8+ Kg7 55. Qd1 Rc3 56. Kd5 Rc5+ 57. Kd4 Rc3 58. Ke5 Rc5+ 59. Ke4 Rc3 60. g5 Rc5 61. Qd4+ Kg8 62. Kd3 Rf5 63. Qd8+ Kg7 64. Kc4 Rc5+ 65. Kd4 Rf5 66. Ke4 Rc5 67. Qd4+ Kg8 68. Qd8+ Kg7 69. Kf3 Rf5+ 70. Ke4 Rc5 1/2-1/2


[Site "https://www.chess.com"]

[Event "Titled Tuesday Blitz April 11 Early 2023"]
[White "Aravindh, Chithambaram VR."]
[Black "Piesik, Piotr"]
[WhiteFideId "5072786"]
[BlackFideId "1136194"]
[WhiteElo "2596"]
[BlackElo "2299"]
[Result "1-0"]
[Round "05"]
[TimeControl "180+2"]
[Date "2023.04.11"]
[WhiteClock "0:00:03"]
[BlackClock "0:00:11"]

1. b3 d5 2. Nf3 c5 3. Bb2 Nc6 4. e3 a6 5. d4 Bg4 6. Nbd2 Nf6 7. h3 Bh5 8. dxc5 e6 9. a3 Bxc5 10. b4 Be7 11. c4 O-O 12. Be2 dxc4 13. Nxc4 Qxd1+ 14. Rxd1 b5 15. Nfe5 Nxe5 16. Nxe5 Bxe2 17. Kxe2 Rfc8 18. Rc1 Kf8 19. Nc6 Bd6 20. Rhd1 Be7 21. g3 Nd5 22. e4 Nb6 23. Nxe7 Kxe7 24. Bxg7 Rxc1 25. Rxc1 Nc4 26. Bd4 Rd8 27. Bc5+ Kf6 28. a4 Rd2+ 29. Ke1 Ra2 30. axb5 axb5 31. Rd1 Ke5 32. Rd7 Kxe4 33. Rxf7 Ne5 34. Rf4+ Kd3 35. Kf1 Nc6 36. h4 Rc2 37. h5 Rc1+ 38. Kg2 Rc4 39. Rf7 Nxb4 40. Bxb4 Rxb4 41. Rxh7 Rg4 42. Rb7 b4 43. h6 Rg6 44. h7 Rh6 45. g4 1-0


[Site "https://www.chess.com"]

[Event "Titled Tuesday Blitz April 11 Early 2023"]
[White "Leiva, Gianmarco"]
[Black "Asis Gargatagli, Hipolito"]
[WhiteFideId "3804399"]
[BlackFideId "2260735"]
[WhiteElo "2345"]
[BlackElo "2557"]
[Result "1/2-1/2"]
[Round "05"]
[TimeControl "180+2"]
[Date "2023.04.11"]
[WhiteClock "0:00:01"]
[BlackClock "0:00:07"]

1. e4 c5 2. Nf3 d6 3. Bb5+ Nd7 4. a4 Nf6 5. Nc3 g6 6. O-O Bg7 7. Re1 O-O 8. d4 cxd4 9. Nxd4 a6 10. Bf1 Qc7 11. a5 b5 12. Nd5 Nxd5 13. exd5 Nf6 14. Nc6 e6 15. Nb4 Nxd5 16. Nxd5 exd5 17. c3 d4 18. cxd4 Bb7 19. Bf4 Bd5 20. Qd2 Rac8 21. Rac1 Qd7 22. h3 h5 23. Qb4 Rxc1 24. Rxc1 Rd8 25. Qc3 Bf6 26. Qg3 Kg7 27. Be2 h4 28. Qe3 Re8 29. Qd2 Qb7 30. Bf1 Re4 31. Bxd6 Rxd4 32. Qe3 Qd7 33. Be5 Re4 34. Bxf6+ Kxf6 35. Qh6 Ke7 36. Bd3 Rb4 37. Qg5+ Kf8 38. Qf6 Kg8 39. Re1 Be6 40. Bxg6 Qd4 41. Qg5 Qf4 42. Bxf7+ Kxf7 43. Qh5+ Kf6 44. Qh8+ Kf7 45. Qh7+ Kf6 46. Qh8+ Kf7 47. Qh5+ Kf6 48. Qh8+ 1/2-1/2


[Site "https://www.chess.com"]

[Event "Titled Tuesday Blitz April 11 Early 2023"]
[White "Al-Tarboush, Ward"]
[Black "Ashraf, Artin"]
[WhiteFideId "7601450"]
[BlackFideId "22514805"]
[WhiteElo "2265"]
[BlackElo "2188"]
[Result "1-0"]
[Round "05"]
[TimeControl "180+2"]
[Date "2023.04.11"]
[WhiteClock "0:02:29"]
[BlackClock "0:00:06"]

1. e4 c5 2. Nf3 d6 3. d4 cxd4 4. Nxd4 Nf6 5. Nc3 a6 6. h3 e5 7. Nde2 h5 8. Bg5 Be6 9. g3 Nbd7 10. a4 Be7 11. Bg2 Nh7 12. Bxe7 Qxe7 13. Qd2 Rd8 14. O-O-O Nb6 15. b3 Nf6 16. a5 Nc8 17. f4 Na7 18. f5 Bc8 19. g4 d5 20. exd5 Qa3+ 21. Kb1 Qxa5 22. g5 Nd7 23. d6 Nb8 24. Qe3 Nbc6 25. Rd5 Nb5 26. Nxb5 axb5 27. Rxe5+ Nxe5 28. Qxe5+ Kf8 29. Qe7+ Kg8 30. Bd5 Rh7 31. g6 Rh6 32. gxf7+ Kh7 33. f8=Q Rxf8 34. Qxf8 Rf6 35. Qg8+ 1-0


[Site "https://www.chess.com"]

[Event "Titled Tuesday Blitz April 11 Early 2023"]
[White "Lobanov, Sergei"]
[Black "Jeet, Jain"]
[WhiteFideId "24183750"]
[BlackFideId "5073022"]
[WhiteElo "2489"]
[BlackElo "2067"]
[Result "1-0"]
[Round "05"]
[TimeControl "180+2"]
[Date "2023.04.11"]
[WhiteClock "0:01:19"]
[BlackClock "0:00:17"]

1. d4 d5 2. c4 c6 3. Nf3 Nf6 4. e3 e6 5. b3 Bd6 6. Bb2 O-O 7. Nbd2 Nbd7 8. Bd3 b6 9. Qe2 Bb7 10. O-O h6 11. e4 dxe4 12. Nxe4 Nxe4 13. Bxe4 Nf6 14. Bc2 c5 15. Rad1 cxd4 16. Rxd4 Qe7 17. Qd3 Bc5 18. Rf4 Ne4 19. Rxe4 Bxe4 20. Qxe4 f5 21. Qe2 Rad8 22. Re1 Rfe8 23. h3 Bb4 24. Ra1 Ba3 25. Bc3 Bb4 26. Bxb4 Qxb4 27. Rd1 Rxd1+ 28. Qxd1 Qe7 29. Ne5 Rd8 30. Qe1 Qd6 31. Nf3 Re8 32. Bxf5 e5 33. Qe4 Qd1+ 34. Kh2 Qd6 35. g3 Qf6 36. Kg2 Rf8 37. Qd5+ Kh8 38. Be4 Re8 39. Nh4 Qe6 40. Ng6+ Kg8 41. Qxe6+ Rxe6 42. Bd5 1-0


[Site "https://www.chess.com"]

[Event "Titled Tuesday Blitz April 11 Early 2023"]
[White "Arias, Juan Cruz"]
[Black "Real_OceanStorm"]
[WhiteFideId "118540"]
[WhiteElo "2243"]
[BlackElo "2809"]
[Result "1/2-1/2"]
[Round "05"]
[TimeControl "180+2"]
[Date "2023.04.11"]
[WhiteClock "0:00:07"]
[BlackClock "0:00:53"]

1. d4 Nf6 2. Nf3 e6 3. e3 d5 4. Bd3 c5 5. c3 Be7 6. O-O O-O 7. Nbd2 Nc6 8. Qe2 Qc7 9. dxc5 Bxc5 10. b4 Bd6 11. Bb2 Bd7 12. a3 e5 13. e4 dxe4 14. Nxe4 Nxe4 15. Bxe4 f5 16. Bd5+ Kh8 17. c4 Ne7 18. Bxe5 Nxd5 19. cxd5 Rae8 20. Bxd6 Qxd6 21. Qd2 Bb5 22. Rfe1 Bc4 23. Rxe8 Rxe8 24. Rd1 Bb3 25. Re1 Rxe1+ 26. Qxe1 Bxd5 27. Qe8+ Bg8 28. h4 h6 29. Ne5 Kh7 30. h5 Be6 31. f4 Qd4+ 32. Kh1 Bd5 33. Qg6+ Kg8 34. Qxf5 Be4 35. Qf7+ Kh7 36. Nd7 Qb2 37. Nf8+ Kh8 38. Ng6+ Kh7 39. Nf8+ Kh8 40. Ng6+ Kh7 41. Nf8+ 1/2-1/2


[Site "https://www.chess.com"]